Map: Disco Bloodbath LE

Players

Cham

  • Race: Zerg Zerg
  • Spawn Location: 9:00

uThermal - Winner!

  • Race: Terran Terran
  • Spawn Location: 3:00

VOD

Have the link to the VOD?

Description

Time

  • Played on: Sept. 6, 2019, 7:53 p.m.
  • Length: 6:50
Show
View Real Time Build Order
Export as new Build Order

Cham Zerg 

Build Orders: Hatch First, Roach Nydus 

Get SALT Encoding   

  12  0:00  Drone  
  13  0:08  Drone  
  14  0:17  Overlord  
  14  0:35  Drone  
  14  0:36  Drone  
  16  0:46  Hatchery  
  15  0:50  Drone  
  15  0:53  Drone  
  17  0:58  Drone  
  18  1:10  Extractor  
  17  1:13  Spawning Pool  
  17  1:16  Drone  
  17  1:19  Drone  
  18  1:30  Drone  
  19  1:42  Drone  
  20  1:52  Drone  
  21  2:00  Queen x2  
  21  2:01  Zergling x2  
  26  2:03  Zergling x2  
  27  2:14  Metabolic Boost  
  27  2:21  Hatchery  
  26  2:24  Drone  
  26  2:29  Drone  
  28  2:32  Overlord  
  28  2:40  Overlord  
  28  2:52  Drone  
  28  2:53  Drone  
  28  2:57  Drone x2  
  34  2:58  Queen  
  34  3:00  Drone  
  34  3:05  Drone  
  36  3:12  Drone x4  
  40  3:16  Drone  
  41  3:20  Overlord  
  41  3:28  Drone  
  41  3:30  Drone  
  41  3:32  Queen  
  41  3:34  Drone  
  46  3:38  Lair  
  46  3:44  Drone x4  
  50  3:51  Roach Warren  
  50  3:54  Extractor  
  48  3:55  Extractor  
  48  3:56  Drone x2  
  48  3:57  Drone  
  48  3:59  Drone  
  51  4:04  Drone x3  
  51  4:09  Drone  
  55  4:12  Overlord  
  55  4:19  Overlord, Drone x2  
  57  4:31  Overlord x2  
  57  4:32  Roach x4  
  65  4:41  Roach x2  
  65  4:42  Nydus Network  
  66  4:56  Roach x3  
  66  4:57  Roach  
  67  5:02  Roach  
  67  5:03  Roach  
  67  5:04  Zergling x2  
  66  5:07  Zergling x2  
  66  5:08  Zergling x4  
  66  5:10  Roach  
  65  5:19  Roach  
  65  5:20  Roach  
  66  5:22  Roach x2  
  63  5:31  Roach x2  
  63  5:35  Nydus Canal  
  59  5:37  Roach  
  59  5:40  Zergling x4  
  63  5:44  Ravager  
  63  5:45  Zergling x4  
  63  5:48  Roach  
  61  5:50  Zergling x2  
  61  5:54  Roach  
  64  6:02  Ravager, Queen  
  39  6:18  Nydus Canal  
Show
View Real Time Build Order
Export as new Build Order

uThermal Terran - Winner!

Build Orders:  

Get SALT Encoding   

  12  0:01  SCV  
  13  0:13  SCV  
  14  0:17  Supply Depot  
  14  0:25  SCV  
  15  0:39  SCV  
  15  0:40  Barracks  
  16  0:43  Refinery  
  16  0:51  SCV  
  17  1:03  SCV  
  18  1:15  SCV  
  19  1:27  Orbital Command  
  19  1:28  Barracks Reactor  
  19  1:40  Command Center  
  19  1:49  Supply Depot  
  19  1:53  SCV  
  20  2:04  Marine x2  
  20  2:05  SCV  
  23  2:12  Factory  
  23  2:17  SCV  
  23  2:22  Marine x2  
  26  2:26  Refinery  
  26  2:29  SCV  
  27  2:40  Marine x2  
  27  2:41  SCV  
  30  2:52  Orbital Command  
  30  2:54  SCV  
  30  2:56  Starport  
  31  3:00  Marine x2  
  31  3:02  Factory Reactor  
  33  3:06  SCV  
  34  3:15  Supply Depot  
  34  3:17  Marine, SCV  
  34  3:18  Marine  
  37  3:20  SCV  
  38  3:30  SCV  
  38  3:33  SCV  
  40  3:35  Marine x2  
  42  3:41  Medivac x2  
  42  3:42  SCV  
  42  3:45  SCV, Widow Mine  
  50  3:48  Supply Depot  
  50  3:53  Marine x2  
  52  3:57  SCV x2  
  54  4:09  SCV  
  54  4:10  SCV  
  54  4:15  Command Center  
  55  4:19  Hellion  
  55  4:20  Supply Depot  
  55  4:23  Hellion  
  59  4:24  Liberator x2  
  59  4:25  SCV x2  
  59  4:29  Supply Depot  
  61  4:43  SCV  
  68  4:47  Hellion  
  68  4:51  Hellion  
  72  4:53  SCV  
  69  5:02  SCV  
  68  5:08  Hellion  
  68  5:11  SCV, Refinery x2  
  68  5:12  Hellion  
  73  5:14  SCV  
  73  5:23  SCV  
  73  5:26  SCV  
  75  5:29  Hellion, Orbital Command  
  75  5:34  Liberator, Hellion  
  75  5:35  SCV  
  79  5:40  Factory  
  79  5:41  SCV, Factory  
  76  5:47  SCV  
  75  5:51  Hellion  
  75  5:53  SCV  
  75  5:54  SCV  
  75  5:55  Hellion  
  83  5:58  Armory  
  83  5:59  SCV  
  75  6:05  SCV  
  75  6:07  SCV  
  67  6:12  Hellion  
  67  6:13  SCV  
  67  6:14  Supply Depot  
  67  6:17  Hellion  
  71  6:19  SCV  
  72  6:32  SCV  
  64  6:34  SCV  
Tags
 
Add a new tag
Caveats
  • Supply blocks, unpowered buildings, or Contaminate may cause inaccurate times.
  • Supply counts are checked every 10 seconds.